 Dungeon Crawl Stone Soup version 0.30-a0-509-gd016549fea (webtiles) character file.

Game seed: 11501353879741476891

125 xzight the Firebug (level 4, -6/24 HPs)
             Began as a Deep Elf Fire Elementalist on Dec 22, 2022.
             Mangled by a gnoll
             ... wielding a +0 halberd
              (11 damage)
             ... on level 3 of the Dungeon.
             The game lasted 00:03:34 (3156 turns).

xzight the Firebug (Deep Elf Fire Elementalist)     Turns: 3156, Time: 00:03:35

Health: -6/24      AC:  4    Str:  5    XL:     4   Next: 82%
Magic:  11/21      EV: 13    Int: 22    God:
Gold:   136        SH:  0    Dex: 15    Spells: 7/11 levels left

rFire   . . .      SeeInvis .    b - staff of conjuration {!a}
rCold   . . .      Faith    .    (no shield)
rNeg    . . .      Spirit   .    e - +0 robe
rPois   .          Reflect  .    g - +0 helmet
rElec   .          Harm     .    (no cloak)
rCorr   .          Rampage  .    (no gloves)
Will    .....                    i - +0 pair of boots
Stlth   ++........               (no amulet)
HPRegen 0.24/turn                M - ring of magical power
MPRegen 0.17/turn                (no ring)

@: no status effects
A: no striking features
a: no special abilities


You were on level 3 of the Dungeon.
You visited 1 branch of the dungeon, and saw 3 of its levels.

You collected 196 gold pieces.
You spent 60 gold pieces at shops.


   Skills:
 + Level 3.5 Dodging
 - Level 2.4 Stealth
 + Level 4.0 Spellcasting
 + Level 2.3 Conjurations
 * Level 4.6 Fire Magic


You had 7 spell levels left.
You knew the following spells:

 Your Spells              Type           Power      Damage    Failure   Level
a - Foxfire               Conj/Fire      100%       2x1d9     2%          1
b - Scorch                Fire           48%        2d7       2%          2
c - Slow                  Hex            16%        N/A       11%         1

Your spell library contained the following spells:

 Spells                   Type           Power      Damage    Failure   Level
 Inner Flame              Hex/Fire       14%        N/A       13%         3
 Ignite Poison            Fire/Tmut/Pois 11%        N/A       19%         3
 Kindle Blastsparks       Fire/Tloc/Air  22%        2d11      19%         3
 Flame Wave               Conj/Fire      29%        2d9       26%         4
 Sticky Flame             Conj/Fire      29%        2d5       26%         4
 Confusing Touch          Hex            4%         N/A       32%         3
 Ozocubu's Armour         Ice            4%         N/A       32%         3
 Vampiric Draining        Necr           4%         2d6       32%         3
 Metabolic Englaciation   Hex/Ice        2%         N/A       97%         5
 Simulacrum               Ice/Necr       2%         N/A       100%        6
 Ignition                 Fire           12%        3d6       100%        8

Inventory:

Hand Weapons
 a - a +0 dagger
Armour
 e - a +0 robe (worn)
 g - a +0 helmet (worn)
 i - a +0 pair of boots (worn)
Magical Staves
 b - a staff of conjuration (weapon) {!a}
Jewellery
 m - an amulet of faith {!P}
 C - a ring of ice
 M - a ring of magical power (left hand)
Scrolls
 h - a scroll of enchant armour
 j - 2 scrolls of vulnerability {unknown}
 l - a scroll of magic mapping {unknown}
Potions
 c - a potion of magic
 d - a potion of might
 f - 4 potions of heal wounds {@q2}
 k - a potion of lignification
 n - a potion of curing {@q1}

Dungeon Overview and Level Annotations

Branches:
Dungeon (3/15)

Altars:
Hepliaklqana

Shops:
D:1

* # #.#.## #
#.#..# # #.##.# .
#.##.# . #.##.# .
#.##.# . #.####
...
#######.###♣♣)..♣.
.........@)g......
#.......###♣♣....♣
..####### .). .


You could see a gnoll (combustible).


Message History

The gnoll's fire resistance burns away.
The gnoll hits you from afar with a +0 halberd!
The gnoll hits you from afar with a +0 halberd!
Ouch! That really hurt!
* * * LOW HITPOINT WARNING * * *
Your foxfire dissipates!
Casting: Scorch (safe; 2% risk of failure)
Confirm with . or Enter, or press ? or * to list all spells.
Flames lash the gnoll.
The gnoll is burned terribly!
You kill the gnoll!
You hear a shout!
Your Spellcasting skill increases to level 4!
A gnoll comes into view. It is wielding a +0 halberd.
Casting: Scorch (safe; 2% risk of failure)
Confirm with . or Enter, or press ? or * to list all spells.
Flames lash the gnoll.
The gnoll is heavily wounded.
The gnoll's fire resistance burns away.
The gnoll misses you. The gnoll closely misses you.
Casting: Scorch (safe; 2% risk of failure)
Confirm with . or Enter, or press ? or * to list all spells.
Flames lash the gnoll.
The gnoll is burned terribly!
You kill the gnoll!
Casting: Scorch (safe; 2% risk of failure)
Confirm with . or Enter, or press ? or * to list all spells.
Flames lash the gnoll.
The gnoll is severely wounded.
The gnoll's fire resistance burns away.
The gnoll hits you from afar with a +0 halberd!
You die...

Skill      XL: |  1  2  3  4 |
---------------+-------------+-----
Fire Magic     | 4 |  4.6
Dodging        | 3 |  3.5
Conjurations   | 2 |  2.3
Spellcasting   | 4 |  4.0
Stealth        | |  2.4

Action                   |  1- 3 |  4- 6 || total
-------------------------+-------+-------++-------
 Cast: Foxfire           |   137 |     4 ||   141
       Scorch            |    12 |     7 ||    19
  Use: Scroll            |     5 |     1 ||     6
Armor: Robe              |     2 |     1 ||     3
Dodge: Dodged            |     6 |     2 ||     8

Levels and vault maps discovered:
D:1:      dpeg_arrival_orchard, layout_basic, basic_ecumenical_altar,
          serial_shops, nicolae_square_shop
D:2:      layout_loops_cross
D:3:      layout_loops_ring, mainiacjoe_overflow_tiny_flanked,
          portal_sewer_entry_c, eino_curves_04, pf_guarded_unrand_woodcutter,
          uniq_natasha

Notes
Turn   | Place    | Note
-------+----------+-------------------------------------------
     0 | D:1      | xzight the Deep Elf Fire Elementalist began the quest for
                  | the Orb.
     0 | D:1      | Reached XP level 1. HP: 10/10 MP: 6/6
   366 | D:1      | Reached XP level 2. HP: 15/15 MP: 2/8
   463 | D:1      | Found Xatten's General Store.
   467 | D:1      | Learned a level 2 spell: Scorch
   480 | D:1      | Found a faded altar of an unknown god.
  1606 | D:1      | Bought a potion of heal wounds for 60 gold pieces
  1624 | D:2      | Reached XP level 3. HP: 19/19 MP: 7/9
  1877 | D:2      | Reached skill level 4 in Fire Magic
  1983 | D:2      | Learned a level 1 spell: Slow
  2070 | D:2      | Reached skill level 3 in Dodging
  2708 | D:2      | Identified a scroll of acquirement
  2709 | D:2      | Acquired a staff of conjuration
  2871 | D:3      | Found a hazy altar of Hepliaklqana.
  3006 | D:3      | Noticed Natasha
  3011 | D:3      | Killed Natasha
  3012 | D:3      | Reached skill level 2 in Conjurations
  3012 | D:3      | Reached XP level 4. HP: 24/24 MP: 11/11
  3067 | D:3      | Noticed Natasha
  3076 | D:3      | Killed Natasha
  3147 | D:3      | HP: 2/24 [gnoll/+0 halberd (13)]
  3150 | D:3      | Reached skill level 4 in Spellcasting
  3156 | D:3      | Mangled by a gnoll

Vanquished Creatures
  Natasha (twice) (D:3)
  2 gnolls (D:3)
  2 worms (D:2)
  2 orcs (D:3)
  6 ball pythons
  6 bats
  3 endoplasms (D:1)
  A giant cockroach (D:1)
  4 hobgoblins
  4 kobolds
  4 quokkas
  7 frilled lizards
  A goblin (D:2)
  8 rats
52 creatures vanquished.

Vanquished Creatures (others)
  223 foxfires
223 creatures vanquished.

Grand Total: 275 creatures vanquished

Table legend: (Time is in decaauts)
 A = Elapsed time spent in this place.
 B = Non-inter-level travel time spent in this place.
 C = Inter-level travel time spent in this place.
 D = Time resting spent in this place.
 E = Time spent auto-exploring this place.
 F = Levels seen in this place.
 G = Mean time per level.
                   A        B        C        D        E       F      G
               +--------+--------+--------+--------+--------+-----+--------+
         Total |   3154 |   3043 |    111 |     17 |   2568 |   3 | 1051.3 |
       Dungeon |   3154 |   3043 |    111 |     17 |   2568 |   3 | 1051.3 |
               +--------+--------+--------+--------+--------+-----+--------+

Top non-repeatable levels by time:
     D:1: 1671 daAuts
     D:2: 1078 daAuts
     D:3: 404 daAuts

Table legend:
 A = Non-vault XP
 B = Vault XP
 C = Vault XP percentage of total XP
 D = Non-vault monster count
 E = Vault monster count
 F = Vault count percentage of total count
                 A         B        C        D         E       F
            +---------+---------+-------+---------+---------+-------
      Total |     117 |      62 |  34.6 |      49 |       3 |   5.8
            +---------+---------+-------+---------+---------+-------
        D:1 |      40 |       0 |   0.0 |      24 |       0 |   0.0
        D:2 |      29 |       0 |   0.0 |      16 |       0 |   0.0
        D:3 |      48 |      62 |  56.4 |       9 |       3 |  25.0
            +---------+---------+-------+---------+---------+-------
